 Dungeon Crawl Stone Soup version 0.24-a0-459-g225fefd530 (webtiles) character file.

Game seed: 3217527925723736852

120937 Azzok the Severer (level 16, -5/126 (128) HPs)
             Began as a Centaur Berserker on June 29, 2019.
             Was the Champion of Trog.
             Killed from afar by a shock serpent (36 damage)
             ... with a bolt of electricity
             ... on level 2 of the Snake Pit.
             The game lasted 01:03:39 (39235 turns).

Azzok the Severer (Centaur Berserker)              Turns: 39235, Time: 01:03:39

HP:   -5/126 (128)  AC: 31    Str: 24    XL:     16   Next: 31%
MP:   22/22         EV:  4    Int:  6    God:    Trog [******]
Gold: 486           SH:  4    Dex: 12    Spells: 15/15 levels left

rFire    . . .     SeeInvis .   T - +1 war axe (flame)
rCold    . . .     Gourm    .   u - +0 buckler
rNeg     . . .     Faith    .   M - +4 plate armour
rPois    +         Spirit   .   x - +0 helmet
rElec    .         Reflect  .   K - +1 cloak
rCorr    .         Harm     .   A - +2 pair of gloves
MR       ++...                  z - +0 centaur barding {Fly}
Stlth    ..........             (no amulet)
HPRegen  0.31/turn              V - ring of protection from magic
MPRegen  0.18/turn              R - ring of poison resistance

@: very quick
A: large, hooves 3, deformed body, speed 2, tough skin 3
a: Berserk, Trog's Hand, Brothers in Arms, Renounce Religion, Evoke Flight


You were on level 2 of the Snake Pit.
You worshipped Trog.
Trog was exalted by your worship.
You were not hungry.

You visited 5 branches of the dungeon, and saw 26 of its levels.
You also visited: Ossuary and Bailey.

You collected 2514 gold pieces.
You spent 2028 gold pieces at shops.

Inventory:

Hand Weapons
 d - a +0 antimagic executioner's axe
 O - a +0 vampiric war axe
 T - a +1 war axe of flaming (weapon)
Missiles
 I - 4 throwing nets (quivered)
Armour
 u - a +0 buckler (worn)
 x - a +0 helmet (worn)
 z - a +0 centaur barding of flying (worn)
 A - a +2 pair of gloves (worn)
 K - a +1 cloak (worn)
 M - a +4 plate armour (worn)
Jewellery
 h - an uncursed ring of see invisible
 v - an uncursed ring of protection from fire
 C - an uncursed ring of resist corrosion
 L - an uncursed ring of ice
 R - a ring of poison resistance (right hand)
 V - a ring of protection from magic (left hand)
Wands
 a - a wand of iceblast (4)
 y - a wand of paralysis (21)
 J - a wand of acid (5)
 W - a wand of digging (4)
Scrolls
 e - 10 scrolls of magic mapping
 g - 5 scrolls of identify
 i - 3 scrolls of enchant weapon
 j - 6 scrolls of fear
 n - 4 scrolls of fog
 r - 12 scrolls of remove curse
 w - 5 scrolls of blinking
 D - a scroll of vulnerability {unknown}
 E - 2 scrolls of brand weapon
 F - 2 scrolls of immolation
 H - 2 scrolls of holy word
 P - 14 scrolls of teleportation
 Q - 4 scrolls of enchant armour
Potions
 b - 5 potions of might
 f - 2 potions of resistance
 l - 5 potions of cancellation
 m - 10 potions of curing
 o - 2 potions of haste
 p - 8 potions of ambrosia
 q - 5 potions of lignification
 s - 2 potions of invisibility
 t - 5 potions of flight
 B - 3 potions of mutation {!q}
 N - 3 potions of heal wounds
 S - 4 potions of agility
Miscellaneous
 k - a lamp of fire
 G - a phial of floods
Comestibles
 c - 30 rations
 U - 2 chunks of flesh


   Skills:
 - Level 8.0 Fighting
 + Level 20.8 Axes
 + Level 11.9 Armour
 - Level 1.3 Dodging
 - Level 2.0 Shields
 - Level 9.0 Evocations


You had 15 spell levels left.
You didn't know any spells.
Your spell library was empty.

Dungeon Overview and Level Annotations

Branches:
Dungeon (15/15)            Temple (1/1) D:7            Lair (6/6) D:8
 Shoals (0/4) Lair:2        Snake (2/4) Lair:4        Slime (0/5) Lair:5
    Orc (2/2) D:11            Elf (0/3) Orc:2        Vaults (0/5) D:14
 Depths (0/5) D:15

Altars:
Dithmenos
Elyvilon
Fedhas
Kikubaaqudgha
Makhleb
Nemelex Xobeh
Okawaru
Qazlal
Ru
Sif Muna
Trog
Uskayaw
Vehumet
Wu Jian
Yredelemnul
Beogh
Jiyva

Shops:
D:4 ?   D:13 %   Orc:1 ?   Orc:2 [**=(

Annotations:
Lair:2 exclusion: 3 oklob plants


Innate Abilities, Weirdness & Mutations

You have hooves in place of feet.
Armour fits poorly on your strangely shaped body.
You cover ground very quickly.
You have extremely tough skin. (AC +3)


Message History

The shock serpent bites you but does no damage.
You slash the shock serpent! You burn the shock serpent.
The shock serpent is severely wounded.
The shock serpent's electric aura discharges, shocking you!
The shock serpent bites you! The shock serpent shocks you!
You miss the shock serpent. Your kick misses the shock serpent.
The shock serpent is severely wounded.
The shock serpent completely misses you.
You slash the shock serpent! You burn the shock serpent.
You kick the shock serpent.
The shock serpent is almost dead.
The shock serpent's electric aura discharges, shocking you!
The shock serpent barely misses you.
You miss the shock serpent.
The shock serpent is almost dead.
The shock serpent shoots out a bolt of lightning at you!
The bolt of electricity hits you!
* * * LOW HITPOINT WARNING * * *
The bolt of electricity hits you!!!
You die...

▒··· ▒▒▒·▒▒······▒▒ ▒···
▒▒·····▒···▒▒ ▒▒··▒
▒▒▒▒▒▒▒▒···▒ ▒····▒ ▒▒···
▒····▒▒ ▒▒·· ▒··▒·▒ ▒▒·
▒···▒▒▒ ▒▒ ▒▒····▒▒ ▒▒·
▒··^·S@▒▒▒▒▒▒▒▒▒▒▒▒▒▒··
▒·▒·▒···········▒:······
▒···▒▒▒··÷············▒··
▒···▒ ▒▒··▒············▒▒
▒·▒·▒ ▒▒▒▒▒▒▒▒▒▒▒▒··▒▒▒
··▒▒ ▒··▒ ▒··▒ ▒··▒ ▒··▒


You could see a shock serpent.

Vanquished Creatures
  Gastronok (Lair:1)
  2 orc warlords (Orc:2)
  An emperor scorpion (D:15)
  A dire elephant (D:15)
  Josephine (D:13)
  Snorg (D:12)
  A deep elf high priest (D:14)
  Erolcha (Orc:2)
  12 hydras
  4 catoblepae
  3 naga warriors
  4 vault guards (D:14)
  2 centaur warriors
  6 anacondas
  A tengu warrior (D:14)
  4 two-headed ogres
  Urug (Lair:1)
  15 death yaks
  2 orc high priests (Orc:2)
  2 deep troll earth magi (D:14)
  A shock serpent (Snake:2)
  Sonja (D:13)
  3 unseen horrors
  2 naga ritualists (Snake:1)
  3 orc knights
  2 wizards (D:11)
  3 mana vipers
  7 orc sorcerers
  13 ugly things
  4 manticores
  A cyclops (D:14)
  6 elephants (Lair:4)
  3 salamanders
  A centaur zombie (D:12)
  Maurice (D:8)
  A torpor snail (Lair:3)
  A naga mage (Snake:1)
  16 black mambas
  9 spiny frogs
  A black mamba (shapeshifter) (D:14)
  An ice statue (D:11)
  2 gargoyles
  3 komodo dragons
  3 rime drakes
  4 red devils (D:15)
  A queen bee (Lair:3)
  2 polar bears
  A merfolk (D:10)
  11 trolls
  Grinder (D:3)
  A hornet (D:9)
  18 blink frogs
  3 slime creatures
  5 dream sheep (Lair:6)
  12 hippogriffs
  A spriggan (Lair:2)
  A vampire (D:13)
  3 wyverns
  8 wraiths
  53 yaks
  Eustachio (D:5)
  A hungry ghost (D:10)
  2 basilisks
  2 vampire mosquitoes (D:14)
  Menkaure (Ossuary)
  3 wargs
  8 nagas
  2 soldier ants
  An acid dragon (D:14)
  14 water moccasins
  11 porcupines
  Duvessa (D:7)
  4 ice beasts
  5 sky beasts
  6 necrophages
  4 black bears
  12 ogres
  An eye of draining (D:9)
  51 orc warriors
  2 phantoms
  12 wolves
  16 centaurs
  16 crocodiles
  A big kobold (D:14)
  15 bullfrogs
  A wyvern zombie (D:6)
  Dowan (D:7)
  A wyvern skeleton (D:13)
  3 scorpions
  26 killer bees (Lair:3)
  13 wights
  5 electric eels
  2 howler monkeys
  7 crimson imps
  3 quasits
  6 bullfrog zombies
  16 orc priests
  3 hounds
  3 human zombies (D:7)
  A gnoll shaman (D:6)
  4 jellies
  22 orc wizards
  Crazy Yiuf (D:7)
  2 bullfrog skeletons (D:10)
  5 centaur skeletons
  5 iguanas
  Ijyb (D:5)
  Natasha (thrice) (D:2)
  2 human skeletons (D:7)
  7 worker ants
  5 mummies
  A hound skeleton (D:5)
  2 worker ant zombies
  11 adders
  18 gnolls
  4 shadow imps
  2 oozes
  An adder skeleton (D:6)
  4 worms
  A dart slug (D:3)
  3 leopard geckos
  96 orcs
  10 bats
  7 giant cockroaches
  4 gnoll zombies (Ossuary)
  6 hobgoblins
  9 jackals
  7 quokkas
  A ball python (D:3)
  4 frilled lizards
  6 gnoll skeletons (Ossuary)
  14 goblins
  3 goblin skeletons (Ossuary)
  A goblin zombie (Ossuary)
  6 hobgoblin skeletons (Ossuary)
  4 hobgoblin zombies (Ossuary)
  A jackal skeleton (D:7)
  A jackal zombie (D:6)
  13 kobolds
  3 kobold skeletons (Ossuary)
  6 kobold zombies
  A leopard gecko zombie (D:5)
  2 orc skeletons (Ossuary)
  8 orc zombies (Ossuary)
  A quokka skeleton (D:4)
  5 rats
  5 rat skeletons (Ossuary)
  3 rat zombies (Ossuary)
  2 bushes (D:6)
  2 crawling corpses (D:14)
  2 fungi
898 creatures vanquished.

Vanquished Creatures (others)
  An orc (Orc:2)
  A bush (D:6)
  17 fungi
  24 plants
43 creatures vanquished.

Grand Total: 941 creatures vanquished

Notes
Turn   | Place    | Note
-------+----------+-------------------------------------------
     0 | D:1      | Azzok the Centaur Berserker began the quest for the Orb.
     0 | D:1      | Reached XP level 1. HP: 19/19 MP: 1/1
   140 | D:1      | Reached skill level 3 in Axes
   287 | D:1      | Reached XP level 2. HP: 19/26 MP: 2/2
   831 | D:2      | Noticed Natasha
   835 | D:2      | Killed Natasha
   835 | D:2      | Reached XP level 3. HP: 31/31 MP: 3/3
   954 | D:2      | Found a shadowy altar of Dithmenos.
   978 | D:2      | Reached ** piety under Trog
  1139 | D:2      | Noticed Natasha
  1149 | D:2      | Killed Natasha
  1149 | D:2      | Reached skill level 4 in Axes
  1149 | D:2      | Reached XP level 4. HP: 40/40 MP: 4/4
  1746 | D:2      | Noticed Natasha
  1754 | D:2      | Killed Natasha
  1802 | D:3      | Reached XP level 5. HP: 35/46 MP: 5/5
  2239 | D:3      | Noticed Grinder
  2244 | D:3      | Paralysed by Grinder for 7 turns
  2254 | D:3      | HP: 3/69 [Grinder/nerve-wracking pain (8)]
  2255 | D:3      | Killed Grinder
  2255 | D:3      | Reached skill level 5 in Axes
  2255 | D:3      | Reached skill level 1 in Shields
  2255 | D:3      | Reached XP level 6. HP: 3/52 MP: 6/6
  3578 | D:4      | Reached skill level 6 in Axes
  3631 | D:4      | Reached XP level 7. HP: 59/59 MP: 7/7
  3813 | D:4      | Reached *** piety under Trog
  3816 | D:4      | Found Nomixeun's Magic Scroll Emporium.
  3828 | D:4      | Bought a scroll of random uselessness for 13 gold pieces
  3828 | D:4      | Bought a scroll of identify for 26 gold pieces
  4278 | D:4      | Found an iron altar of Okawaru.
  4320 | D:5      | Entered Level 5 of the Dungeon
  4368 | D:5      | Reached skill level 7 in Axes
  4465 | D:5      | Noticed Ijyb
  4470 | D:5      | Killed Ijyb
  4617 | D:5      | Noticed Eustachio
  4627 | D:5      | Killed Eustachio
  4627 | D:5      | Reached skill level 8 in Axes
  4643 | D:5      | Reached XP level 8. HP: 54/66 MP: 8/8
  4859 | D:5      | Found a hide-covered altar of Uskayaw.
  4865 | D:5      | Found a stormy altar of Qazlal.
  4865 | D:5      | Found an ornate altar of the Wu Jian Council.
  4865 | D:5      | Found a sparkling altar of Nemelex Xobeh.
  4866 | D:5      | Found an ancient bone altar of Kikubaaqudgha.
  4868 | D:5      | Found a white marble altar of Elyvilon.
  4870 | D:5      | Found a basalt altar of Yredelemnul.
  5185 | D:6      | Found a sand-covered staircase.
  5194 | Ossuary  | Entered an ossuary
  5371 | Ossuary  | Reached **** piety under Trog
  5617 | Ossuary  | Noticed Menkaure
  5630 | Ossuary  | Killed Menkaure
  5630 | Ossuary  | Reached skill level 9 in Axes
  5930 | Ossuary  | Reached ***** piety under Trog
  6436 | D:6      | Found a blossoming altar of Fedhas.
  6757 | D:6      | Reached skill level 10 in Axes
  6954 | D:6      | Reached XP level 9. HP: 70/70 MP: 9/9
  7154 | D:7      | Reached skill level 11 in Axes
  7216 | D:7      | Received a gift from Trog
  7365 | D:7      | Found a staircase to the Ecumenical Temple.
  7412 | D:7      | Found a runed translucent door.
  7413 | D:7      | Noticed Crazy Yiuf
  7452 | Temple   | Entered the Ecumenical Temple
  7581 | D:7      | Noticed Dowan
  7582 | D:7      | Noticed Duvessa
  7590 | D:7      | Killed Duvessa
  7591 | D:7      | Killed Dowan
  7832 | D:7      | Reached skill level 12 in Axes
  7945 | D:7      | Found a basalt altar of Yredelemnul.
  8318 | D:7      | Reached XP level 10. HP: 70/77 MP: 10/10
  8638 | D:7      | Killed Crazy Yiuf
  8691 | D:8      | Noticed Maurice
  8775 | D:8      | Killed Maurice
  8775 | D:8      | Reached skill level 13 in Axes
  8891 | D:8      | Found a blossoming altar of Fedhas.
  9211 | D:8      | Found a staircase to the Lair.
 10027 | D:9      | Paralysed by fainting for 7 turns
 10159 | D:9      | Received a gift from Trog
 10772 | D:9      | Reached skill level 14 in Axes
 11014 | D:9      | Noticed a two-headed ogre
 11020 | D:9      | Killed a two-headed ogre
 11020 | D:9      | Reached skill level 1 in Evocations
 11258 | D:10     | Entered Level 10 of the Dungeon
 11263 | D:10     | Noticed a two-headed ogre
 11275 | D:10     | Killed a two-headed ogre
 11275 | D:10     | Reached XP level 11. HP: 83/83 MP: 12/12
 11372 | D:10     | Noticed an eight-headed hydra
 11462 | Lair:1   | Entered Level 1 of the Lair of Beasts
 11884 | Lair:1   | Reached skill level 15 in Axes
 12697 | Lair:1   | Noticed Gastronok
 12700 | Lair:1   | Noticed Urug
 12765 | Lair:1   | Killed Urug
 13436 | Lair:1   | Killed Gastronok
 13436 | Lair:1   | Reached skill level 5 in Evocations
 13569 | Lair:2   | Noticed an oklob plant
 13569 | Lair:2   | Noticed an oklob plant
 13569 | Lair:2   | Noticed an oklob plant
 13952 | Lair:2   | Noticed an eight-headed hydra
 13960 | Lair:2   | Reached XP level 12. HP: 90/90 MP: 16/16
 14235 | Lair:2   | Reached skill level 16 in Axes
 14251 | Lair:2   | Found a staircase to the Shoals.
 15178 | Lair:3   | Noticed a death yak
 15178 | Lair:3   | Noticed a death yak
 15179 | Lair:3   | Noticed a death yak
 15181 | Lair:3   | Noticed a death yak
 15182 | Lair:3   | Noticed a death yak
 15183 | Lair:3   | Noticed a death yak
 15187 | Lair:3   | Killed a death yak
 15191 | Lair:3   | Killed a death yak
 15197 | Lair:3   | Killed a death yak
 15202 | Lair:3   | Killed a death yak
 15209 | Lair:3   | Killed a death yak
 15212 | Lair:3   | Killed a death yak
 15306 | Lair:3   | Reached skill level 17 in Axes
 15370 | Lair:3   | Noticed an eight-headed hydra
 15375 | Lair:3   | Killed an eight-headed hydra
 15425 | Lair:3   | Noticed a five-headed hydra
 15448 | Lair:3   | Noticed a seven-headed hydra
 15456 | Lair:3   | Killed a five-headed hydra
 15469 | Lair:3   | Killed a seven-headed hydra
 15570 | Lair:3   | Reached XP level 13. HP: 34/95 MP: 19/19
 15585 | Lair:3   | Reached ****** piety under Trog
 16407 | Lair:4   | Received a gift from Trog
 17714 | Lair:4   | Found a staircase to the Snake Pit.
 18148 | Lair:5   | Reached skill level 18 in Axes
 18287 | Lair:5   | Found a staircase to the Slime Pits.
 18287 | Lair:5   | Found a viscous altar of Jiyva.
 19585 | Lair:6   | Entered Level 6 of the Lair of Beasts
 20209 | Lair:6   | Reached skill level 5 in Fighting
 20224 | Lair:6   | Reached XP level 14. HP: 106/106 MP: 20/20
 20705 | Lair:6   | Received a gift from Trog
 23451 | D:11     | Reached skill level 19 in Axes
 23579 | D:11     | Received a gift from Trog
 23663 | D:11     | Reached skill level 5 in Armour
 24277 | D:11     | Found a staircase to the Orcish Mines.
 24346 | D:11     | Found a radiant altar of Vehumet.
 24819 | D:12     | Noticed Snorg
 24853 | D:12     | Killed Snorg
 24922 | D:12     | Found a flagged portal.
 24934 | Bailey   | Entered a bailey
 25870 | Bailey   | Received a gift from Trog
 26271 | Bailey   | Found a roughly hewn altar of Beogh.
 26980 | Orc:1    | Entered Level 1 of the Orcish Mines
 27846 | Orc:1    | Found Suptitia's Magic Scroll Shoppe.
 27854 | Orc:1    | Bought a scroll of identify for 20 gold pieces
 27854 | Orc:1    | Bought a scroll of identify for 20 gold pieces
 27854 | Orc:1    | Bought a scroll of fear for 35 gold pieces
 27854 | Orc:1    | Bought a scroll of teleportation for 30 gold pieces
 27854 | Orc:1    | Bought a scroll of identify for 20 gold pieces
 27854 | Orc:1    | Bought 2 scrolls of identify for 40 gold pieces
 27968 | Orc:2    | Entered Level 2 of the Orcish Mines
 28078 | Orc:2    | Found Mim Nott's Jewellery Boutique.
 28192 | Orc:2    | Reached XP level 15. HP: 111/119 MP: 21/21
 28223 | Orc:2    | Found Yptueg's General Store.
 28234 | Orc:2    | Found Oqoguazu's General Store.
 29214 | Orc:2    | Noticed an orc warlord
 29239 | Orc:2    | Killed an orc warlord
 29707 | Orc:2    | Noticed an orc warlord
 29757 | Orc:1    | Received a gift from Trog
 29873 | Orc:2    | Killed an orc warlord
 29999 | Orc:2    | Bought a scroll of enchant armour for 97 gold pieces
 29999 | Orc:2    | Bought a scroll of identify for 26 gold pieces
 29999 | Orc:2    | Bought a potion of heal wounds for 65 gold pieces
 29999 | Orc:2    | Bought a scroll of enchant weapon for 97 gold pieces
 30018 | Orc:2    | Bought a scroll of teleportation for 51 gold pieces
 30028 | Orc:2    | Found Umuwnung's Antique Armour Shoppe.
 30056 | Orc:2    | Found a staircase to the Elven Halls.
 30107 | Orc:2    | Noticed Erolcha
 30113 | Orc:2    | Killed Erolcha
 30523 | Orc:2    | Found a roughly hewn altar of Beogh.
 30590 | Orc:2    | Found Yquw Qaw's Antique Weapon Emporium.
 31145 | D:4      | Bought a scroll of acquirement for 676 gold pieces
 31145 | D:4      | Bought a scroll of acquirement for 676 gold pieces
 31145 | D:4      | Bought a scroll of teleportation for 39 gold pieces
 31145 | D:4      | Bought a scroll of identify for 26 gold pieces
 31145 | D:4      | Bought a scroll of fear for 45 gold pieces
 31145 | D:4      | Bought a scroll of identify for 26 gold pieces
 31158 | D:4      | Got a warped lapis lazuli ring
 31159 | D:4      | Identified the ring of Tanaxaa {Fire Str+4 Int+3} (You
                  | acquired it on level 4 of the Dungeon)
 31490 | D:13     | Noticed Sonja
 31495 | D:13     | Killed Sonja
 31732 | D:13     | Found Pigguini's Food Shop.
 32338 | D:13     | Found a sacrificial altar of Ru.
 32467 | D:13     | Noticed Josephine
 32478 | D:13     | Killed Josephine
 32760 | D:14     | Reached skill level 20 in Axes
 33151 | D:14     | Found a gate to the Vaults.
 34035 | D:14     | Received a gift from Trog
 34417 | D:14     | Received a gift from Trog
 34633 | D:15     | Entered Level 15 of the Dungeon
 34681 | D:15     | Found a staircase to the Depths.
 34695 | D:15     | Reached skill level 10 in Armour
 35403 | D:15     | Found a basalt altar of Yredelemnul.
 36694 | Snake:1  | Entered Level 1 of the Snake Pit
 36768 | Snake:1  | Reached XP level 16. HP: 120/126 MP: 22/22
 36821 | Snake:1  | Found a deep blue altar of Sif Muna.
 39235 | Snake:2  | Killed from afar by a shock serpent

Levels and vault maps discovered:
D:1:      wander_arrival_lonely_grave, layout_rooms
D:2:      layout_loops_ring, nicolae_dithmenos_shadow_blocks, first_ration,
          uniq_natasha
D:3:      minmay_evil_eye, layout_basic, uniq_grinder
D:4:      layout_basic, marbit_many_paths, serial_shops, shop
D:5:      layout_rooms, minitemple, uniq_eustachio, uniq_ijyb
D:6:      layout_basic, enter_ossuary_3, fedhas_altar_decomposition
D:7:      layout_gridville, minmay_temple_entry_crystal_x, grunt_decor_clamped,
          lemuel_mausoleum_altar_yredelemnul, uniq_menkaure,
          uniq_crazy_yiuf_cottage, uniq_duvessa
D:8:      layout_loops_ring, nicolae_overflow_hidden_temple, dpeg_oklobed_lair,
          uniq_maurice
D:9:      layout_stronghold
D:10:     layout_rooms, hangedman_fish_farm, minivault_11
D:11:     cheibrodos_wizards_tower, layout_small_grid, orc_0_dummy, basic_altar,
          nzn_random_ring
D:12:     layout_basic, enter_bailey_3, serial_curves, eino_curves_03,
          eino_curves_04, uniq_snorg
D:13:     layout_gridville, serial_shops, shop, small_statue_alley_a,
          chequers_big_river, nicolae_ru_sacrificial_ziggurat, uniq_josephine,
          uniq_sonja
D:14:     layout_gridville, lightli_vaults_fourway_checkpoint,
          serial_bayou_shore_b, minmay_radiant
D:15:     hangedman_depths_entry_try_elsewhere_first, layout_basic,
          lemuel_crystal_altar, einodemon_armed_red_devil_minivault
Temple:   nicolae_temple_hex_pool
Lair:1:   layout_chaotic_city, chequers_serial_rivers_room_a,
          chequers_serial_rivers_large_b, infiniplex_staircase_pool_2,
          uniq_gastronok, uniq_urug
Lair:2:   layout_regular_city, minmay_shoals_entry_beasts,
          grunt_forest_stairs_clearing, minmay_lair_oklob_chamber,
          grunt_megastairs_1, infiniplex_staircase_pool
Lair:3:   layout_cave_pods, special_room [special_room_bee],
          chequers_serial_rivers_small_a, minivault_19
Lair:4:   layout_hall_layers, minmay_snake_entry_guardpost_medium
Lair:5:   layout_layer_cave, slime_altar_1
Lair:6:   evilmike_catoblepas_cave, layout_regular_city, minivault_27
Snake:1:  layout_rooms, basic_altar, serial_bayou_shore_b
Snake:2:  layout_concentric_octagons
Orc:1:    layout_diamond_mine, serial_shops, shop
Orc:2:    grunt_orc_gardens, layout_caves, grunt_orc_garden, grunt_orc_garden,
          grunt_orc_garden, grunt_orc_garden, serial_shops, shop,
          david_defended_altar_orc, uniq_erolcha

Skill      XL: |  1  2  3  4  5  6  7  8  9 10 11 12 13 14 15 16 |
---------------+-------------------------------------------------+-----
Axes           | 3 4 5 6 8 10 12 14 15 17 18 19 20 | 20.8
Fighting       | 4 5 8 |  8.0
Shields        | 1 2 |  2.0
Evocations     | 2 5 8 9 |  9.0
Armour         | 3 5 10 11 | 11.9
Dodging        | |  1.3

Action                   |  1- 3 |  4- 6 |  7- 9 | 10-12 | 13-15 | 16-18 || total
-------------------------+-------+-------+-------+-------+-------+-------++-------
Melee: Hand axe          |    89 |   105 |   491 |    87 |    20 |       ||   792
       Kick              |    11 |    20 |   155 |   162 |   524 |    56 ||   928
       War axe           |       |       |       |   526 |  1563 |   170 ||  2259
       Executioner's axe |       |       |       |       |       |    17 ||    17
 Fire: Arbalest          |       |       |       |       |    35 |       ||    35
Throw: Throwing net      |       |       |       |     1 |     2 |       ||     3
Invok: Berserk           |     3 |     5 |    13 |    19 |    33 |     4 ||    77
       Trog's Hand       |       |       |       |     2 |     2 |       ||     4
 Abil: Stop Flying       |       |       |       |       |     1 |       ||     1
Evoke: Wand              |       |       |       |    23 |     9 |       ||    32
  Use: Scroll            |       |     4 |     7 |     5 |    18 |       ||    34
       Potion            |       |       |       |     2 |     1 |       ||     3
 Stab: Held in net/web   |       |       |       |     1 |     2 |       ||     3
       Invisible         |       |       |       |       |    14 |       ||    14
       Paralysed         |       |       |       |       |     1 |       ||     1
  Eat: Chunk             |     2 |     8 |    17 |    23 |    64 |     2 ||   116
       Ration            |       |     1 |     3 |     4 |     8 |     3 ||    19
Armor: Animal skin       |    48 |       |       |       |       |       ||    48
       Leather armour    |     3 |    21 |       |       |       |       ||    24
       Scale mail        |       |     5 |   101 |       |       |       ||   106
       Plate armour      |       |       |    49 |   365 |  1020 |   110 ||  1544
Dodge: Dodged            |    58 |    39 |    97 |   129 |   261 |    24 ||   608
Block: Buckler           |       |     8 |    59 |    81 |   203 |    20 ||   371

Table legend:
 A = Non-vault XP
 B = Vault XP
 C = Vault XP percentage of total XP
 D = Non-vault monster count
 E = Vault monster count
 F = Vault count percentage of total count
                 A         B        C        D         E       F
            +---------+---------+-------+---------+---------+-------
      Total |  113560 |   59208 |  34.3 |     622 |     268 |  30.1
            +---------+---------+-------+---------+---------+-------
        D:1 |      36 |       0 |   0.0 |      19 |       0 |   0.0
        D:2 |     114 |      35 |  23.5 |      19 |       1 |   5.0
        D:3 |      53 |     289 |  84.5 |      21 |       5 |  19.2
        D:4 |     432 |       0 |   0.0 |      15 |       0 |   0.0
        D:5 |     293 |     240 |  45.0 |      15 |       2 |  11.8
        D:6 |     747 |     549 |  42.4 |      27 |       7 |  20.6
        D:7 |    1550 |    1146 |  42.5 |      45 |      15 |  25.0
        D:8 |    1171 |     469 |  28.6 |      23 |       1 |   4.2
        D:9 |    3038 |       0 |   0.0 |      34 |       0 |   0.0
       D:10 |    4012 |     293 |   6.8 |      19 |       1 |   5.0
       D:11 |    3594 |    4515 |  55.7 |      21 |      22 |  51.2
       D:12 |    5894 |    1086 |  15.6 |      24 |       5 |  17.2
       D:13 |    2949 |    2731 |  48.1 |      16 |       6 |  27.3
       D:14 |    6890 |    9134 |  57.0 |      41 |      14 |  25.5
       D:15 |    7521 |    5570 |  42.5 |      20 |       8 |  28.6
     Lair:1 |    5085 |    3105 |  37.9 |      25 |       3 |  10.7
     Lair:2 |    3293 |    3669 |  52.7 |      17 |      14 |  45.2
     Lair:3 |   11187 |    1939 |  14.8 |      26 |      27 |  50.9
     Lair:4 |    7101 |     815 |  10.3 |      27 |       5 |  15.6
     Lair:5 |    7268 |       0 |   0.0 |      32 |       0 |   0.0
     Lair:6 |   13855 |   10184 |  42.4 |      32 |      23 |  41.8
    Snake:1 |   12664 |       0 |   0.0 |      23 |       0 |   0.0
    Snake:2 |    7715 |       0 |   0.0 |      11 |       0 |   0.0
      Orc:1 |    3046 |     684 |  18.3 |      32 |       2 |   5.9
      Orc:2 |    4052 |    9884 |  70.9 |      38 |      29 |  43.3
    Ossuary |       0 |     278 | 100.0 |       0 |      52 | 100.0
     Bailey |       0 |    2593 | 100.0 |       0 |      26 | 100.0
            +---------+---------+-------+---------+---------+-------
